 Dungeon Crawl Stone Soup version 0.28.0 (webtiles) character file.

Game seed: 8533241020877090364

56 GrayStillPlays the Skirmisher (level 3, -2/29 HPs)
             Began as a Demonspawn Fighter on Feb 17, 2022.
             Slain by an adder (3 damage)
             ... on level 2 of the Dungeon.
             The game lasted 00:01:30 (1380 turns).

GrayStillPlays the Skirmisher (Demonspawn Fighter)  Turns: 1380, Time: 00:01:31

Health: -2/29      AC:  6    Str: 18    XL:     3   Next: 69%
Magic:  3/3        EV:  9    Int:  9    God:
Gold:   68         SH:  4    Dex: 12    Spells: 2/2 levels left

rFire   + . .      SeeInvis .   a - +0 war axe {axe}
rCold   + . .      Faith    .   c - +0 buckler
rNeg    . . .      Spirit   .   b - +0 scale mail
rPois   +          Reflect  .   (helmet restricted)
rElec   +          Harm     .   (no cloak)
rCorr   +          Rampage  .   (no gloves)
Will    .....                   (no boots)
Stlth   ..........              (no amulet)
HPRegen 0.09/turn               (no ring)
MPRegen 0.08/turn               (no ring)

@: lethally poisoned (-2 -> -6), resistant
A: antennae 1, sturdy frame 1
a: no special abilities


You were on level 2 of the Dungeon.
You visited 1 branch of the dungeon, and saw 2 of its levels.

You collected 68 gold pieces.


Innate Abilities, Weirdness & Mutations

You have a pair of small antennae on your head.
Your movements are slightly less encumbered by armour. (ER -2)


   Skills:
 + Level 3.4 Fighting
 + Level 2.3 Axes
 + Level 3.1 Armour
 + Level 3.2 Shields


You had 2 spell levels left.
You didn't know any spells.
Your spell library contained the following spells:

 Spells                   Type           Power      Damage    Failure   Level
 Ozocubu's Armour         Ice            0%         N/A       97%         3
 Ozocubu's Refrigeration  Ice            0%         4d5       100%        7

Inventory:

Hand Weapons
 a - a +0 war axe (weapon) {axe}
 m - a +0 short sword of flaming {short}
   (You took it off a kobold on level 2 of the Dungeon)
Missiles
 h - 37 stones (quivered) {throwing}
 l - 19 bolts
Armour
 b - a +0 scale mail (worn)
 c - a +0 buckler (worn)
Scrolls
 e - 2 scrolls of identify {unknown}
 j - 2 scrolls of summoning {unknown}
 k - a scroll of blinking {unknown}
Potions
 d - a potion of might
 g - a potion of curing {unknown}
 n - a potion of ambrosia {unknown}

Dungeon Overview and Level Annotations

Branches:
Dungeon (2/15)

Altars:
Uskayaw

###### ##.## ##...#
.....###...## ####.###.
####.##.....# #....# #.
..##........#####
#.##.###.
..#####...###...###
#.###...#
.........##.......## #.#
##.##
....######..)###...# #
#.# #.# ....#
#...##(##..# #.##.####.#
....#
#...##.S@.####.).......#
.####
##...######.#####.######
.# ##..........)....# .#
###........###### ##
...####.....# #
#........####.# #
$##...####.....# #
..###......[.#
..##.........##


You could see an adder.


Message History

No reachable target in view!
No reachable target in view!
No reachable target in view!
No reachable target in view!
An adder comes into view.
The adder hisses angrily.
The adder moves out of view.
You block the goblin's attack.
You hit the goblin but do no damage. The goblin closely misses you.
The goblin hits you with a +0 dagger. 😕 HP[-3]
You take 3 damage, and now have 26/29 hp.
You closely miss the goblin.
The goblin hits you with a +0 dagger. 😕 HP[-2]
You take 2 damage, and now have 24/29 hp.
You barely miss the goblin. The goblin hits you but does no damage.
You block the goblin's attack. 😕 HP[+1]
You closely miss the goblin. The goblin completely misses you.
You closely miss the goblin. You block the goblin's attack.
The goblin hits you but does no damage.
You closely miss the goblin. The goblin barely misses you.
You barely miss the goblin.
The goblin hits you but does no damage. x2
You hit the goblin.
You kill the goblin!
Things that are here:
a +0 dagger {short}; a goblin corpse 😕 HP[+1]
The adder bites you but does no damage.
You completely miss the adder. You block the adder's attack.
You barely miss the adder. The adder bites you but does no damage.
You block the adder's attack.
You closely miss the adder. The adder bites you but does no damage.
The adder barely misses you.
You barely miss the adder. The adder bites you.
You are poisoned.
The adder poisons you!
The adder bites you but does no damage. 😕 HP[-1]
You take 1 damage, and now have 25/29 hp.
You closely miss the adder.
You feel sick. You block the adder's attack. The adder bites you. 😕 HP[-2]
You take 2 damage, and now have 23/29 hp.
You barely miss the adder.
You feel sick. The adder closely misses you. The adder bites you.
You are more poisoned.
The adder poisons you! 😮 HP[-4]
You take 4 damage, and now have 19/29 hp.
You closely miss the adder.
You feel sick. You block the adder's attack.
The adder bites you but does no damage. 😮 HP[-2]
You take 2 damage, and now have 17/29 hp.
You miss the adder.
You feel sick. The adder barely misses you. 😮 HP[-2]
You take 2 damage, and now have 15/29 hp.
You hit the adder.
You feel sick. The adder closely misses you.
The adder barely misses you. 😨 HP[-2]
You take 2 damage, and now have 13/29 hp.
You closely miss the adder.
You feel sick. The adder bites you but does no damage.
The adder closely misses you. 😨 HP[-1]
You take 1 damage, and now have 12/29 hp.
You closely miss the adder.
You feel sick.
You are no longer poisoned.
You block the adder's attack. The adder barely misses you. 😨 HP[-2]
You take 2 damage, and now have 10/29 hp.
You closely miss the adder. The adder barely misses you.
The adder bites you but does no damage.
You miss the adder. The adder misses you.
The adder completely misses you. 😨 HP[+1]
You barely miss the adder. You block the adder's attack.
You barely miss the adder. The adder bites you.
* * * LOW HITPOINT WARNING * * *
You are poisoned.
The adder poisons you!
The adder bites you but does no damage. 😨 HP[-1]
You take 1 damage, and now have 10/29 hp.
You closely miss the adder.
You feel sick. The adder bites you.
* * * LOW HITPOINT WARNING * * *
The adder bites you.
* * * LOW HITPOINT WARNING * * *
You are lethally poisoned!
The adder poisons you! 😱 HP[-6]
You take 6 damage, and now have 4/29 hp.
MASSIVE DAMAGE!! (PAUSE) It was a potion of cancellation.
You feel magically purged.
* * * LOW HITPOINT WARNING * * *
You feel sick. The adder bites you but does no damage.
The adder closely misses you. 😱 HP[-2]
You take 2 damage, and now have 2/29 hp.
It was a potion of resistance.
You feel protected.
* * * LOW HITPOINT WARNING * * *
You feel sick. The adder bites you.
You die...

Skill      XL: |  1  2 |
---------------+-------+-----
Axes           | 2 |  2.3
Shields        | 3 |  3.2
Armour         | 3 |  3.1
Fighting       | |  3.4

Action                   || total
-------------------------++-------
Melee: War axe           ||    99
  Use: Potion            ||     3
Armor: Scale mail        ||    78
Dodge: Dodged            ||    74
Block: Buckler           ||    28

Levels and vault maps discovered:
D:1:      ncdulo_halloftheorcs, layout_basic, minmay_misc_feat_pillars,
          hangedman_decor_growths
D:2:      layout_loops_ring, dreamdust_ecumenical_altar_statues, basic_altar,
          minmay_puff

Notes
Turn   | Place    | Note
-------+----------+-------------------------------------------
     0 | D:1      | GrayStillPlays the Demonspawn Fighter began the quest for
                  | the Orb.
     0 | D:1      | Reached XP level 1. HP: 18/18 MP: 1/1
     0 | D:1      | magus.rc [v1.9.6]
   510 | D:1      | Reached skill level 2 in Axes
   510 | D:1      | Gained mutation: Your movements are slightly less
                  | encumbered by armour. (ER -2) [demonic ancestry]
   510 | D:1      | Reached XP level 2. HP: 24/24 MP: 2/2
   731 | D:2      | Reached skill level 3 in Shields
   732 | D:2      | HP: 5/24 [poisoned by an adder]
   733 | D:2      | Reached skill level 3 in Armour
   734 | D:2      | HP: 1/24 [poisoned by an adder]
   735 | D:2      | Gained mutation: You have a pair of small antennae on your
                  | head. [demonic ancestry]
   735 | D:2      | Reached XP level 3. HP: 2/29 MP: 3/3
   954 | D:2      | Found a hide-covered altar of Uskayaw.
  1060 | D:2      | You add the spells Ozocubu's Armour and Ozocubu's
                  | Refrigeration to your library.
  1194 | D:2      | Found a faded altar of an unknown god.
  1378 | D:2      | HP: 6/29 [adder (2)]
  1379 | D:2      | HP: 2/29 [poisoned by an adder]
  1380 | D:2      | Slain by an adder

Vanquished Creatures
  3 adders (D:2)
  A bat (D:2)
  2 endoplasms (D:1)
  3 hobgoblins
  3 jackals (D:2)
  2 quokkas
  3 ball pythons
  3 frilled lizards
  2 goblins (D:2)
  2 kobolds
  4 rats
28 creatures vanquished.

Table legend:
 A = Non-vault XP
 B = Vault XP
 C = Vault XP percentage of total XP
 D = Non-vault monster count
 E = Vault monster count
 F = Vault count percentage of total count
                 A         B        C        D         E       F
            +---------+---------+-------+---------+---------+-------
      Total |      78 |       2 |   2.5 |      27 |       1 |   3.6
            +---------+---------+-------+---------+---------+-------
        D:1 |      14 |       0 |   0.0 |      10 |       0 |   0.0
        D:2 |      64 |       2 |   3.0 |      17 |       1 |   5.6
            +---------+---------+-------+---------+---------+-------

Illustrated notes

Table legend:
 A = Kills in this place as a percentage of kills in entire the game.
 B = Kills by you in this place as a percentage of kills by you in the entire game.
 C = Kills by friends in this place as a percentage of kills by friends in the entire game.
 D = Other kills in this place as a percentage of other kills in the entire game.
 E = Experience gained in this place as a percentage of experience gained in the entire game.
 F = Experience gained in this place divided by the number of levels of this place that you have seen.
                   A       B       C       D       E      F
               +-------+-------+-------+-------+-------+----------------------
         Total | 100.0 | 100.0 |   N/A |   N/A | 100.0 |  40.0
       Dungeon | 100.0 | 100.0 |   N/A |   N/A | 100.0 |  40.0
               +-------+-------+-------+-------+-------+----------------------

Table legend: (Time is in decaauts)
 A = Elapsed time spent in this place.
 B = Non-inter-level travel time spent in this place.
 C = Inter-level travel time spent in this place.
 D = Time resting spent in this place.
 E = Time spent auto-exploring this place.
 F = Levels seen in this place.
 G = Mean time per level.
                   A        B        C        D        E       F      G
               +--------+--------+--------+--------+--------+-----+--------+
         Total |   1423 |   1394 |     29 |      0 |   1145 |   2 |  711.5 |
       Dungeon |   1423 |   1394 |     29 |      0 |   1145 |   2 |  711.5 |
               +--------+--------+--------+--------+--------+-----+--------+

Top non-repeatable levels by time:
     D:1: 723 daAuts
     D:2: 699 daAuts
